 Dungeon Crawl Stone Soup version 0.19.5 (webtiles) character file.

711 doot the Covert (level 7, 0/46 HPs)
             Began as an Octopode Assassin on Apr 8, 2017.
             Was a Follower of Ashenzari.
             Slain by a black bear (4 damage)
             ... on level 5 of the Dungeon.
             The game lasted 00:21:41 (6552 turns).

doot the Covert (Octopode Assassin)                 Turns: 6552, Time: 00:21:42

Health: 0/46       AC:  1    Str: 11    XL:     7   Next: 68%
Magic:  2/7        EV: 15    Int: 13    God:    Ashenzari [*.....]
Gold:   216        SH:  0    Dex: 15    Spells: 1 memorised, 3 levels left

rFire  + . .     SeeInvis .     t - +2 short sword (distort) (curse)
rCold  . . .     Gourm    .     (no shield)
rNeg   . . .     Faith    .     (helmet restricted)
rPois  .         Spirit   .     k - amulet of inaccuracy (curse)
rElec  .         Reflect  .     u - ring of stealth (curse)
rCorr  .         Harm     .     D - ring of protection from fire
MR     .....                    G - ring of wizardry
Stlth  ++++++....               (no ring)
                                (no ring)
                                (no ring)
                                (no ring)
                                (no ring)

@: slowed, very slow
A: almost no armour, stealthy swim, amphibious, 8 rings, constrict 8, camouflage
1, gelatinous body 1
a: Curse Item, Scrying, Renounce Religion


You were on level 5 of the Dungeon.
You worshipped Ashenzari.
Ashenzari was aware of your devotion.
You were hungry.

You visited 2 branches of the dungeon, and saw 7 of its levels.

You collected 216 gold pieces.

Inventory:

Hand Weapons
 a - a +2 dagger
 b - a +0 blowgun
 h - a +0 long sword
 t - a cursed +2 short sword of distortion (weapon)
 v - a +0 halberd
 y - a +0 broad axe
Missiles
 c - 18 poisoned needles
 d - 2 curare-tipped needles
Jewellery
 k - a cursed amulet of inaccuracy (around mantle)
 u - a cursed ring of stealth (left tentacle)
 D - a ring of protection from fire (right tentacle)
 G - a ring of wizardry (on tentacle)
Wands
 q - a wand of polymorph (10/24)
Scrolls
 e - 4 scrolls of teleportation
 i - 5 scrolls of identify
 r - a scroll of fear
 z - a scroll of noise
 A - a scroll of magic mapping {unknown}
 C - a scroll of amnesia
 E - a scroll of enchant weapon {unknown}
 F - a scroll of recharging {unknown}
Potions
 m - 5 potions of flight {unknown}
 o - a potion of haste {unknown}
 p - 3 potions of might {unknown}
 s - 2 potions of lignification {unknown}
 w - 5 potions of curing {unknown}
 B - a potion of heal wounds {unknown}
Books
 x - a book of Misfortune

   Spells                             Type                      Level
   a - Confusing Touch                Hexes                        1
   b - Confuse                        Hexes                        3
   c - Gell's Gravitas                Hexes/Translocation          3
   d - Petrify                        Transmutation/Earth          4
   e - Metabolic Englaciation         Hexes/Ice                    5
   f - Yara's Violent Unravelling     Hexes/Transmutation          5
Comestibles
 f - 3 bread rations
 g - 8 fruits
 j - 5 beef jerkies
 l - a royal jelly
 n - 3 meat rations
 H - a chunk of flesh


   Skills:
 + Level 3.0 Fighting
 + Level 3.6 Short Blades
 + Level 2.6 Throwing
 * Level 3.5 Dodging
 * Level 9.8 Stealth
 + Level 1.1 Hexes


You had 3 spell levels left.
You knew the following spells:

 Your Spells              Type           Power        Failure   Level  Hunger
a - Confuse               Hex            #.......     32%         3    ####...


Dungeon Overview and Level Annotations

Branches:
Dungeon (6/15)             Temple (1/1) D:4

Altars:
Ashenzari
Cheibriados
Dithmenos
Elyvilon
Fedhas
Gozag
Hepliaklqana
Kikubaaqudgha
Makhleb
Nemelex Xobeh
Okawaru
Qazlal
Ru
Sif Muna
Trog
Uskayaw
Vehumet
Xom
Yredelemnul
Zin
The Shining One

Annotations:
D:3 1 exclusion


Innate Abilities, Weirdness & Mutations

You cannot wear most types of armour.
You are very stealthy in the water. (Stealth+)
You are amphibious.
You can wear up to eight rings at the same time.
You can use your tentacles to constrict eight enemies at once.
Your skin changes colour to match your surroundings (Stealth+).
Your rubbery body absorbs attacks. (AC +1, EV +1)


Message History

Aiming: Confuse
Press: ? - help, Shift-Dir - straight line, f - black bear
Aim: a black bear (chance to defeat MR: 34%)
The black bear appears confused.
You barely miss the black bear. You grab the black bear.
You squeeze the black bear.
The black bear is lightly wounded.
You constrict the black bear, but do no damage.
The black bear seems less confused.
The black bear barely misses you. The black bear closely misses you.
The black bear completely misses you.
You hit the black bear.
Space bends around the black bear.
The black bear is moderately wounded.
You constrict the black bear. The black bear closely misses you.
The black bear claws you. The black bear closely misses you.
The black bear bites you.
* * * LOW HITPOINT WARNING * * *
The black bear claws you.
* * * LOW HITPOINT WARNING * * *
The black bear claws you.
You die...

#......................
#.######.############## #.#
#............... #.####
#.############## #....# #.#
#.##.# #.# #######
#.##.###.#####.....####
#.....h...............#
#.#...@.........##'##..
#.#.####.####.^##≈.≈##.
#.#.####.##...##≈≈.≈≈##
#####.#.##.......##≈≈...≈≈#
#................##≈.....≈#
#.###.#.##.#.##.##8_.._.._8
#.#......#.#.##.######8####
#.##..#..#.#....# #.#####.#
#.##..#..#.####.###..# #..#


You could see a black bear.

Vanquished Creatures
  Sigmund (D:2)
  A crimson imp (D:5)
  An orc priest (D:3)
  An iguana (D:6)
  5 worker ants
  A hound skeleton (D:4)
  10 gnolls
  6 adders
  An adder skeleton (D:4)
  3 worms
  A dart slug (D:4)
  3 leopard geckos
  16 orcs
  3 giant cockroaches
  4 goblins
  7 hobgoblins
  9 jackals
  5 kobolds
  2 quokkas (D:3)
  4 ball pythons
  4 bats
  4 frilled lizards
  A leopard gecko skeleton (D:4)
  6 rats
99 creatures vanquished.

Vanquished Creatures (others)
  An orc warrior (D:3)
  A giant cockroach (D:3)
2 creatures vanquished.

Grand Total: 101 creatures vanquished

Notes
Turn   | Place    | Note
-------+----------+-------------------------------------------
     0 | D:1      | doot the Octopode Assassin began the quest for the Orb.
     0 | D:1      | Reached XP level 1. HP: 14/14 MP: 1/1
   181 | D:1      | Reached XP level 2. HP: 19/19 MP: 2/2
   280 | D:1      | Reached skill level 6 in Stealth
   714 | D:2      | Reached XP level 3. HP: 10/25 MP: 3/3
  1492 | D:2      | Found an iron altar of Okawaru.
  1566 | D:2      | Reached XP level 4. HP: 30/30 MP: 4/4
  1880 | D:2      | Reached skill level 7 in Stealth
  2056 | D:2      | Noticed Sigmund
  2165 | D:3      | Noticed a phantom
  2418 | D:3      | Reached XP level 5. HP: 32/35 MP: 5/5
  3157 | D:3      | Noticed an orc warrior
  3594 | D:3      | Banished an orc warrior
  3594 | D:3      | Reached skill level 8 in Stealth
  3594 | D:3      | Reached XP level 6. HP: 29/41 MP: 6/6
  4282 | D:4      | Found a sparkling altar of Nemelex Xobeh.
  4283 | D:4      | Found an iron altar of Okawaru.
  4284 | D:4      | Found a shimmering altar of Xom.
  4284 | D:4      | Found a shattered altar of Ashenzari.
  4284 | D:4      | Found an opulent altar of Gozag.
  4284 | D:4      | Found a hide-covered altar of Uskayaw.
  4285 | D:4      | Found a basalt altar of Yredelemnul.
  4403 | D:4      | Found a staircase to the Ecumenical Temple.
  4418 | Temple   | Entered the Ecumenical Temple
  4710 | D:4      | Became a worshipper of Ashenzari the Shackled
  5030 | D:5      | Entered Level 5 of the Dungeon
  5272 | D:5      | Learned a level 3 spell: Confuse
  5291 | D:5      | Reached skill level 9 in Stealth
  5291 | D:5      | Reached XP level 7. HP: 44/45 MP: 7/7
  5454 | D:5      | Found a white marble altar of Elyvilon.
  5454 | D:5      | Found a radiant altar of Vehumet.
  5455 | D:5      | Found a deep blue altar of Sif Muna.
  5761 | D:2      | Killed Sigmund
  5761 | D:2      | Reached skill level 1 in Hexes
  6125 | D:5      | Reached * piety under Ashenzari
  6552 | D:5      | Slain by a black bear

Skill      XL: |  1  2  3  4  5  6  7 |
---------------+----------------------+-----
Stealth        | 6 7 8 9 |  9.8
Dodging        | 2 3 |  3.5
Short Blades   | 3 |  3.6
Hexes          | 1 |  1.1
Fighting       | 3 |  3.0
Throwing       | |  2.6

Action                   |  1- 3 |  4- 6 |  7- 9 || total
-------------------------+-------+-------+-------++-------
Melee: Dagger            |    74 |    73 |       ||   147
       Constrict         |    12 |    25 |     5 ||    42
       Tentacles         |     8 |    27 |     5 ||    40
       Short sword       |       |    60 |    34 ||    94
 Fire: Blowgun           |     5 |     9 |       ||    14
 Cast: Confuse           |       |       |     2 ||     2
Invok: Curse Item        |       |     2 |       ||     2
  Use: Scroll            |     6 |     1 |       ||     7
       Potion            |     1 |       |       ||     1
 Stab: Sleeping          |    10 |    20 |     9 ||    39
       Distracted        |       |       |     2 ||     2
  Eat: Chunk             |     2 |    11 |     4 ||    17
Armor: Skin              |       |     5 |       ||     5
Dodge: Dodged            |    41 |    67 |    30 ||   138
